 Dungeon Crawl Stone Soup version 0.20.1-1-g8b1a95d (webtiles) character file.

8831 equalderp2856 the Cleaver (level 11, 0/94 HPs)
             Began as a Minotaur Fighter on Aug 2, 2017.
             Slain by a ten-headed hydra (1 damage)
             ... on level 1 of the Lair of Beasts.
             The game lasted 00:42:39 (11959 turns).

equalderp2856 the Cleaver (Minotaur Fighter)       Turns: 11959, Time: 00:42:41

Health: 0/94       AC:  9    Str: 21    XL:     11   Next: 15%
Magic:  0/17       EV:  9    Int:  6    God:
Gold:   585        SH: 17    Dex: 12    Spells: 20/20 levels left

rFire    . . .     SeeInvis .   K - +4 war axe
rCold    . . .     Gourm    .   E - +0 large shield
rNeg     . . .     Faith    .   b - +0 scale mail
rPois    .         Spirit   +   (helmet restricted)
rElec    .         Reflect  .   g - scarf {Spirit}
rCorr    .         Harm     .   l - +0 pair of gloves
MR       +....                  (no boots)
Stlth    ..........             (no amulet)
Regen    0.3/turn               I - ring of protection from magic
MPRegen  0.2/turn               (no ring)

@: no status effects
A: retaliatory headbutt, horns 2
a: no special abilities


You were on level 1 of the Lair of Beasts.
You were near starving.

You visited 2 branches of the dungeon, and saw 10 of its levels.
You also visited: Sewer.

You collected 585 gold pieces.

Inventory:

Hand Weapons
 a - a +0 war axe
 K - a +4 war axe (weapon)
 U - a +2 shortbow of freezing
 X - a +0 short sword of protection
 Y - a +0 shortbow
Missiles
 u - 4 tomahawks
 w - 11 sling bullets
 x - 74 stones (quivered)
 R - 19 bolts
Armour
 b - a +0 scale mail (worn)
 c - a +0 shield
 g - a scarf of spirit shield (worn)
 l - a +0 pair of gloves (worn)
 E - a +0 large shield (worn)
 O - a +0 cloak
 S - a +2 shield
Jewellery
 i - an uncursed amulet of the gourmand
 F - an uncursed amulet of magic regeneration
 I - a ring of protection from magic (left hand)
 L - a cursed ring of see invisible {unknown}
 P - an uncursed ring of protection from magic
 Q - a cursed -3 ring of dexterity {unknown}
Wands
 M - a wand of iceblast (2/15)
Scrolls
 e - 6 scrolls of amnesia {unknown}
 h - 7 scrolls of remove curse
 k - a scroll of noise {unknown}
 q - a scroll of enchant armour {unknown}
 r - a scroll of random uselessness {unknown}
 s - 5 scrolls of immolation {unknown}
 t - 5 scrolls of identify
 v - a scroll of enchant weapon {unknown}
 z - a scroll of recharging {unknown}
 A - 3 scrolls of teleportation {unknown}
 J - a scroll of blinking {unknown}
 T - a scroll of vulnerability {unknown}
 V - a scroll of magic mapping {unknown}
 W - a scroll of fear {unknown}
Potions
 d - 2 potions of might
 j - 2 potions of haste {unknown}
 m - 8 potions of curing
 n - a potion of agility {unknown}
 o - 2 potions of brilliance {unknown}
 B - a potion of cancellation {unknown}
 C - a potion of lignification {unknown}
 G - a potion of flight {unknown}
 Z - a potion of mutation {unknown}
Books
 y - a book of Air

   Spells                             Type                      Level
   a - Shock                          Conjuration/Air              1
   b - Swiftness                      Charms/Air                   2
   c - Static Discharge               Conjuration/Air              3
   d - Airstrike                      Air                          4
   e - Lightning Bolt                 Conjuration/Air              5
 N - a Young Poisoner's Handbook

   Spells                             Type                      Level
   a - Sting                          Conjuration/Poison           1
   b - Poisonous Vapours              Poison/Air                   2
   c - Mephitic Cloud                 Conjuration/Poison/Air       3
   d - Olgreb's Toxic Radiance        Poison                       4
   e - Venom Bolt                     Conjuration/Poison           5
Comestibles
 f - 6 bread rations
 D - 3 royal jellies
 H - 3 meat rations


   Skills:
 + Level 7.8 Fighting
 + Level 11.4 Axes
 + Level 8.3 Armour
 + Level 4.7 Dodging
 + Level 0.5 Stealth
 + Level 10.3 Shields
 * Level 5.1 Spellcasting


You had 20 spell levels left.
You didn't know any spells.

Dungeon Overview and Level Annotations

Branches:
Dungeon (9/15)             Temple (0/1) D:7            Lair (1/6) D:9
    Orc: D:9-12

Altars:
Dithmenos
Makhleb
Okawaru
Uskayaw
Vehumet
The Shining One

Shops:
D:7 %

Annotations:
D:7 Prince Ribbit


Innate Abilities, Weirdness & Mutations

You reflexively headbutt those who attack you in melee.
You have a pair of horns on your head.


Message History

You block the ten-headed hydra's attack.
The ten-headed hydra bites you. The ten-headed hydra bites you! x2
* * * LOW HITPOINT WARNING * * *
The ten-headed hydra bites you!
* * * LOW HITPOINT WARNING * * *
The ten-headed hydra bites you but does no damage. x2
Your shield and scale mail prevent you from hitting the ten-headed hydra.
The ten-headed hydra is heavily wounded.
You block the ten-headed hydra's attack.
The ten-headed hydra bites you.
* * * LOW HITPOINT WARNING * * *
The ten-headed hydra bites you but does no damage.
The ten-headed hydra bites you!
* * * LOW HITPOINT WARNING * * *
You block the ten-headed hydra's attack.
The ten-headed hydra bites you.
* * * LOW HITPOINT WARNING * * *
You block the ten-headed hydra's attack. x2
The ten-headed hydra bites you.
You die...

######.....##..####....#
.....#....####....##..##
.....#.....#......#....#
..........#.......#....#
..........##..........##
.....#....##..........#
..........##..........##
..........######D###(..#
.....#....##P##.@###..##
##.##.................#
.... .................#
.......................#
.................(....##
.## ##...............P#
#......$.........#
#.....#...#+#...##
#....#..... .#..#


You could see a ten-headed hydra.

Vanquished Creatures
  2 two-headed ogres (D:8)
  A rime drake (Lair:1)
  4 blink frogs (Lair:1)
  2 hippogriffs (D:8)
  7 yaks (Lair:1)
  Sigmund (D:4)
  A basilisk (Lair:1)
  2 water moccasins
  2 orc warriors
  An ice beast (D:5)
  4 phantoms
  A black bear (D:6)
  A sky beast (D:5)
  5 ogres
  3 centaurs
  3 big kobolds
  9 bullfrogs
  A gnoll sergeant (D:7)
  A water moccasin zombie (D:6)
  6 scorpions
  12 killer bees
  5 wights (D:8)
  2 crimson imps
  A bullfrog zombie (D:8)
  4 hounds (D:6)
  A centaur zombie (D:7)
  A jelly (D:8)
  4 orc priests
  2 centaur skeletons
  7 orc wizards
  3 bullfrog skeletons
  2 gnoll shamans (D:6)
  An iguana (D:7)
  A worker ant (D:7)
  3 worker ant zombies
  Robin (D:3)
  7 gnolls
  14 adders
  A shadow imp (D:8)
  2 oozes (D:1)
  An adder zombie (D:6)
  2 adder skeletons
  3 worms
  2 dart slugs
  13 leopard geckos
  21 orcs
  3 ball pythons
  10 giant cockroaches
  10 goblins
  12 hobgoblins
  7 jackals
  24 kobolds
  8 quokkas
  5 bats
  13 frilled lizards
  2 quokka skeletons
  A quokka zombie (D:5)
  12 rats
280 creatures vanquished.

Vanquished Creatures (others)
  An orc wizard (D:7)
1 creature vanquished.

Grand Total: 281 creatures vanquished

Notes
Turn   | Place    | Note
-------+----------+-------------------------------------------
     0 | D:1      | equalderp2856 the Minotaur Fighter began the quest for the Orb.
     0 | D:1      | Reached XP level 1. HP: 19/19 MP: 0/0
   240 | D:1      | Reached XP level 2. HP: 25/27 MP: 1/1
   524 | D:2      | Reached XP level 3. HP: 25/33 MP: 2/2
   554 | D:2      | Reached skill level 3 in Axes
   713 | D:2      | Reached XP level 4. HP: 40/40 MP: 3/3
  1702 | D:3      | Found a shadowy altar of Dithmenos.
  1776 | D:3      | Noticed Robin
  1787 | D:3      | Killed Robin
  1787 | D:3      | Reached XP level 5. HP: 44/47 MP: 4/4
  1925 | D:3      | Reached skill level 4 in Axes
  2394 | D:4      | Found a radiant altar of Vehumet.
  2394 | D:4      | Found a burning altar of Makhleb.
  2416 | D:4      | Reached skill level 1 in Spellcasting
  2461 | D:4      | Reached skill level 1 in Dodging
  2461 | D:4      | Reached XP level 6. HP: 52/53 MP: 4/6
  2500 | D:4      | Reached skill level 5 in Axes
  2824 | D:4      | Noticed a dagger
  2825 | D:4      | Noticed a hand axe
  2825 | D:4      | Found a hide-covered altar of Uskayaw.
  3172 | D:4      | Reached skill level 5 in Shields
  3373 | D:4      | Noticed Sigmund
  3668 | D:4      | Killed Sigmund
  3668 | D:4      | Reached skill level 6 in Axes
  3668 | D:4      | Reached skill level 5 in Armour
  3668 | D:4      | Reached XP level 7. HP: 56/60 MP: 6/8
  3724 | D:5      | Entered Level 5 of the Dungeon
  3734 | D:5      | Found a glowing drain.
  3761 | Sewer    | Entered a sewer
  4034 | Sewer    | Reached skill level 5 in Fighting
  4326 | D:5      | Reached skill level 7 in Axes
  4654 | D:5      | Found an iron altar of Okawaru.
  5516 | D:4      | Reached XP level 8. HP: 61/68 MP: 8/10
  6389 | D:6      | Reached skill level 8 in Axes
  6793 | D:6      | Reached XP level 9. HP: 65/74 MP: 9/12
  6847 | D:6      | Reached skill level 9 in Axes
  7518 | D:6      | Got a heavily jewelled robe
  8009 | D:7      | Noticed Prince Ribbit
  8227 | D:7      | Found a staircase to the Ecumenical Temple.
  9015 | D:7      | Found Feomen's Food Emporium.
  9182 | D:7      | Reached skill level 10 in Axes
  9648 | D:8      | Noticed a two-headed ogre
  9657 | D:8      | Killed a two-headed ogre
  9657 | D:8      | Reached XP level 10. HP: 72/84 MP: 12/15
  9838 | D:8      | Noticed a two-headed ogre
  9847 | D:8      | Killed a two-headed ogre
 10812 | D:9      | Found a staircase to the Lair.
 11039 | D:9      | Reached skill level 11 in Axes
 11050 | D:9      | Found a glowing golden altar of the Shining One.
 11208 | Lair:1   | Entered Level 1 of the Lair of Beasts
 11293 | Lair:1   | Reached skill level 10 in Shields
 11534 | Lair:1   | Reached skill level 5 in Spellcasting
 11534 | Lair:1   | Reached XP level 11. HP: 85/92 MP: 15/17
 11873 | Lair:1   | Noticed an eight-headed hydra
 11959 | Lair:1   | HP: 4/94 [ten-headed hydra (8)]
 11959 | Lair:1   | HP: 1/94 [ten-headed hydra (3)]
 11959 | Lair:1   | Slain by a ten-headed hydra

Skill      XL: |  1  2  3  4  5  6  7  8  9 10 |
---------------+-------------------------------+-----
Armour         | 4 5 6 7 8 |  8.3
Shields        | 4 5 6 8 10 | 10.3
Fighting       | 4 5 6 7 |  7.8
Axes           | 3 4 6 7 8 10 11 | 11.4
Spellcasting   | 1 2 3 4 5 |  5.1
Dodging        | 1 2 3 4 |  4.7
Stealth        | |  0.5

Action                   |  1- 3 |  4- 6 |  7- 9 | 10-12 || total
-------------------------+-------+-------+-------+-------++-------
Melee: War axe           |    69 |   184 |   492 |   167 ||   912
       Headbutt          |     7 |    26 |    93 |    31 ||   157
  Use: Scroll            |     1 |       |     2 |     1 ||     4
       Potion            |       |       |     2 |       ||     2
  Eat: Chunk             |       |     6 |    21 |     6 ||    33
       Fruit             |       |     1 |       |     1 ||     2
Armor: Scale mail        |    48 |    59 |   172 |    65 ||   344
Dodge: Dodged            |    20 |    48 |   112 |    57 ||   237
Block: Shield            |    54 |    90 |       |       ||   144
       Large shield      |       |    10 |   415 |   211 ||   636
